Arizona Coyotes vs New York Rangers
Created - Friday, April 7, 2023 at 07:30
Goals
|
| Arizona Coyotes |
1 |
0 |
2 |
3 |
| New York Rangers |
1 |
0 |
1 |
2 |
|
Shots
|
| Arizona Coyotes |
1 |
9 |
15 |
25 |
| New York Rangers |
11 |
9 |
13 |
33 |
|
1st period
1. New York Rangers , Dmitry Kulikov 1 (T.J. Oshie 5, Eric Robinson 3) at 9:02
2. Arizona Coyotes , Tanner Jeannot 3 (Brayden McNabb 8, Kaapo Kahkonen) at 13:56
Penalties :
Dmitry Kulikov (NYR) for Boarding (Major) at 0:41, Radko Gudas (AZC) for Holding (Minor) at 6:54, Erik Haula (AZC) for Tripping (Minor) at 11:52, Dmitry Orlov (AZC) for Hooking (Minor) at 16:46
2nd period
No Goal
Penalties :
Mathew Dumba (AZC) for Interference (Minor) at 1:31
3rd period
3. New York Rangers , Conor Garland 6 (Cam Fowler 8, Mikael Granlund 10) at 11:53
4. Arizona Coyotes , Mats Zuccarello 15 (Brayden McNabb 9) at 17:36
5. Arizona Coyotes , Mats Zuccarello 16 (Claude Giroux 20, Charlie Coyle 5) at 19:01
Penalties :
Mathew Dumba (AZC) for Tripping (Minor) at 4:32, Dmitry Orlov (AZC) for Hooking (Minor) at 15:22
Goalie Stats
Kaapo Kahkonen (AZC), 31 saves from 33 shots - (0.939), W, 5-2-1, 60:00 minutes
Tristan Jarry (NYR), 22 saves from 25 shots - (0.880), L, 2-1-1, 59:05 minutes
Players Stats for Arizona Coyotes
Player Name G A P +/- PIM S H SB GA TA FO MP PP MP PK MP
------------------------------------------------------------------------------------
Brandon Tanev 0 0 0 0 0 2 3 0 0 0 0/1 7:40 1:05 0:00
Brayden McNabb 0 2 2 2 0 1 1 1 0 1 0/0 26:33 2:11 6:54
Charlie Coyle 0 1 1 0 0 3 2 0 0 1 2/3 20:44 1:51 3:45
Claude Giroux 0 1 1 2 0 2 0 0 0 0 14/34 23:07 1:54 5:58
David Krejci 0 0 0 0 0 3 0 0 1 0 3/11 18:32 1:49 3:45
Dmitry Orlov 0 0 0 2 4 2 2 2 0 1 0/0 25:26 2:11 4:39
Erik Haula 0 0 0 -1 2 0 3 0 0 0 4/5 8:38 0:34 0:00
Ilya Mikheyev 0 0 0 -1 0 1 2 0 0 0 0/0 11:09 1:08 1:56
James van Riemsdyk 0 0 0 -1 0 0 2 1 1 1 0/2 9:11 0:55 0:00
Jani Hakanpaa 0 0 0 2 0 0 2 1 0 1 0/0 17:54 0:48 3:33
Jared Spurgeon 0 0 0 -2 0 1 1 1 1 0 0/0 17:30 2:00 4:58
Mathew Dumba 0 0 0 -2 4 1 2 3 0 0 0/0 16:49 2:00 3:32
Mats Zuccarello 2 0 2 2 0 4 2 1 1 0 0/3 23:08 1:53 5:59
Ondrej Palat 0 0 0 1 0 2 1 1 0 1 0/0 14:38 1:49 0:00
Radko Gudas 0 0 0 0 2 0 2 0 0 1 0/0 16:10 0:48 0:12
Ross Colton 0 0 0 0 0 1 0 0 0 0 0/0 6:47 0:00 0:00
Tanner Jeannot 1 0 1 0 0 2 2 0 0 0 0/1 9:28 0:13 2:25
Tyler Seguin 0 0 0 1 0 0 0 0 1 1 0/0 14:36 1:46 0:00
Players Stats for New York Rangers
Player Name G A P +/- PIM S H SB GA TA FO MP PP MP PK MP
------------------------------------------------------------------------------------
Adam Larsson 0 0 0 1 0 0 0 1 1 0 0/0 15:15 0:00 2:02
Andre Burakovsky 0 0 0 0 0 0 1 0 2 1 0/1 17:28 5:20 0:00
Blake Wheeler 0 0 0 0 0 4 1 0 0 0 0/3 18:34 5:20 0:22
Cam Fowler 0 1 1 -1 0 2 2 3 0 0 0/0 28:43 6:33 2:02
Cole Caufield 0 0 0 0 0 3 1 0 0 1 0/0 16:43 5:36 0:51
Conor Garland 1 0 1 -1 0 5 1 0 0 0 0/0 16:17 5:21 0:00
David Kampf 0 0 0 0 0 1 1 0 0 0 4/7 12:41 0:18 1:58
Dmitry Kulikov 1 0 1 1 5 1 0 2 0 0 0/0 13:12 0:00 0:00
Eric Robinson 0 1 1 -1 0 0 0 0 0 1 0/0 8:04 0:00 1:38
Jake McCabe 0 0 0 0 0 2 1 3 0 1 0/0 19:53 0:00 1:54
Mark Giordano 0 0 0 -1 0 1 1 0 0 0 0/0 17:10 5:21 1:03
Matt Benning 0 0 0 0 0 0 0 0 0 0 0/0 10:49 0:00 1:56
Mikael Granlund 0 1 1 -1 0 1 3 0 1 1 8/12 20:17 6:38 1:14
Nathan MacKinnon 0 0 0 0 0 6 3 1 3 0 2/3 20:45 6:16 0:00
Patrice Bergeron 0 0 0 0 0 5 0 1 0 0 22/31 22:13 6:11 1:45
Pierre-Luc Dubois 0 0 0 0 0 1 3 0 1 0 1/2 21:22 6:15 1:15
T.J. Oshie 0 1 1 -1 0 1 0 0 0 0 0/1 6:24 0:00 0:00
Tyler Motte 0 0 0 -1 0 0 0 0 0 0 0/0 9:10 0:21 1:56
3 Stars
1 - Mats Zuccarello (AZC)
2 - Brayden McNabb (AZC)
3 - Kaapo Kahkonen (AZC)
Power Play
Arizona Coyotes - 0 on 1 Attempt(s) - 0.00%
New York Rangers - 0 on 6 Attempt(s) - 0.00%
Penalty Kill
Arizona Coyotes - 6 on 6 Attempt(s) - 100.00%
- Score 0 goal in Penalty Kill
New York Rangers - 1 on 1 Attempt(s) - 100.00%
- Score 0 goal in Penalty Kill
Team Stat
Arizona Coyotes - Hits : 27 - Faceoff Wins : 23 - Blocked Shots : 11 - Penalty Minutes : 12
New York Rangers - Hits : 18 - Faceoff Wins : 37 - Blocked Shots : 11 - Penalty Minutes : 5
Official
Referees : Dave Lewis and Chris Lee
Linesman : Scott Cherrey and Mark Shewchyk
Game Notes
No Game Note
Finance
Level 1 -- Attendance: 4635 (77.25%) -- Ticket Income $472,770
Level 2 -- Attendance: 3623 (72.46%) -- Ticket Income $228,249
Level 3 -- Attendance: 1968 (65.60%) -- Ticket Income $80,688
Level 4 -- Attendance: 3121 (62.42%) -- Ticket Income $87,388
Luxury Box -- Attendance: 1000 (100.00%) -- Ticket Income $195,000
Game was played at the Madison Square Garden.
Total Attendance: 14347 (71.74%)
Total Ticket Income: $1,064,095
Other Income: $372,433
Total Income: $1,436,528
Arizona Coyotes
5 vs 5 Forward
Center Left Wing Right Wing Time % Phy DF OF
1 Claude Giroux Mats Zuccarello Charlie Coyle 40 1 2 2
2 David Krejci Ondrej Palat Tyler Seguin 30 1 2 2
3 Erik Haula Ilya Mikheyev James van Riemsdyk 20 1 2 2
4 Ross Colton Tanner Jeannot Brandon Tanev 10 1 2 2
5 vs 5 Defense
Defense Defense Time % Phy DF OF
1 Dmitry Orlov Brayden McNabb 38 1 2 2
2 Mathew Dumba Jared Spurgeon 30 1 2 2
3 Radko Gudas Jani Hakanpaa 22 1 2 2
4 Dmitry Orlov Brayden McNabb 10 1 2 2
PowerPlay Forward
Center Left Wing Right Wing Time % Phy DF OF
1 Claude Giroux Mats Zuccarello Charlie Coyle 60 1 2 2
2 David Krejci Ondrej Palat Tyler Seguin 40 1 2 2
PowerPlay Defense
Defense Defense Time % Phy DF OF
1 Dmitry Orlov Brayden McNabb 60 1 2 2
2 Mathew Dumba Jared Spurgeon 40 1 2 2
Penalty Kill 4 Players Forward
Center Wing Time % Phy DF OF
1 Claude Giroux Mats Zuccarello 60 1 2 2
2 Charlie Coyle David Krejci 40 1 2 2
Penalty Kill 4 Players Defense
Defense Defense Time % Phy DF OF
1 Dmitry Orlov Brayden McNabb 60 1 2 2
2 Mathew Dumba Jared Spurgeon 40 1 2 2
Penalty Kill - 3 Players Forward
Forward Time % Phy DF OF
1 Claude Giroux 60 1 2 2
2 Mats Zuccarello 40 1 2 2
Penalty Kill - 3 Players Defense
Defense Defense Time % Phy DF OF
1 Dmitry Orlov Brayden McNabb 60 1 2 2
2 Mathew Dumba Jared Spurgeon 40 1 2 2
4 vs 4 Forward
Center Wing Time % Phy DF OF
1 Claude Giroux Mats Zuccarello 60 1 2 2
2 Charlie Coyle David Krejci 40 1 2 2
4 vs 4 Defense
Defense Defense Time % Phy DF OF
1 Dmitry Orlov Brayden McNabb 60 1 2 2
2 Mathew Dumba Jared Spurgeon 40 1 2 2
Last Minutes Offensive
Center Left Wing Right Wing Defense Defense
Claude Giroux Mats Zuccarello Charlie Coyle Dmitry Orlov Brayden McNabb
Last Minutes Defensive
Center Left Wing Right Wing Defense Defense
Claude Giroux Mats Zuccarello Charlie Coyle Dmitry Orlov Brayden McNabb
Goaltenders
Starting : Kaapo Kahkonen
Backup : Elvis Merzlikins
Extra Forwards
Normal : Ilya Mikheyev, James van Riemsdyk, Tanner Jeannot - PP : Ilya Mikheyev, James van Riemsdyk - PK : Tanner Jeannot
Extra Defensemen
Normal : Radko Gudas, Jani Hakanpaa, Mathew Dumba - PP : Radko Gudas - PK : Jani Hakanpaa, Mathew Dumba
Penalty Shots
Claude Giroux, Mats Zuccarello, Charlie Coyle, David Krejci, Tyler Seguin
New York Rangers
5 vs 5 Forward
Center Left Wing Right Wing Time % Phy DF OF
1 Patrice Bergeron Pierre-Luc Dubois Nathan MacKinnon 40 0 1 4
2 Mikael Granlund Andre Burakovsky Blake Wheeler 30 1 1 3
3 David Kampf Conor Garland Cole Caufield 20 1 2 2
4 T.J. Oshie Eric Robinson Tyler Motte 10 1 3 1
5 vs 5 Defense
Defense Defense Time % Phy DF OF
1 Cam Fowler Jake McCabe 44 1 2 2
2 Dmitry Kulikov Adam Larsson 33 1 3 1
3 Mark Giordano Matt Benning 23 1 3 1
4 Cam Fowler Adam Larsson 0 1 2 2
PowerPlay Forward
Center Left Wing Right Wing Time % Phy DF OF
1 Patrice Bergeron Nathan MacKinnon Pierre-Luc Dubois 60 0 1 4
2 Blake Wheeler Cole Caufield Andre Burakovsky 40 0 1 4
PowerPlay Defense
Defense Defense Time % Phy DF OF
1 Cam Fowler Mikael Granlund 60 0 2 3
2 Conor Garland Mark Giordano 40 0 2 3
Penalty Kill 4 Players Forward
Center Wing Time % Phy DF OF
1 David Kampf Tyler Motte 60 1 3 1
2 Patrice Bergeron Eric Robinson 40 1 3 1
Penalty Kill 4 Players Defense
Defense Defense Time % Phy DF OF
1 Adam Larsson Cam Fowler 60 1 3 1
2 Matt Benning Jake McCabe 40 1 3 1
Penalty Kill - 3 Players Forward
Forward Time % Phy DF OF
1 David Kampf 60 1 4 0
2 Patrice Bergeron 40 1 4 0
Penalty Kill - 3 Players Defense
Defense Defense Time % Phy DF OF
1 Cam Fowler Jake McCabe 60 1 4 0
2 Matt Benning Adam Larsson 40 1 4 0
4 vs 4 Forward
Center Wing Time % Phy DF OF
1 Nathan MacKinnon Patrice Bergeron 60 1 2 2
2 Pierre-Luc Dubois Blake Wheeler 40 1 2 2
4 vs 4 Defense
Defense Defense Time % Phy DF OF
1 Cam Fowler Jake McCabe 60 1 2 2
2 Mark Giordano Adam Larsson 40 1 2 2
Last Minutes Offensive
Center Left Wing Right Wing Defense Defense
Patrice Bergeron Blake Wheeler Nathan MacKinnon Cam Fowler Mark Giordano
Last Minutes Defensive
Center Left Wing Right Wing Defense Defense
Patrice Bergeron David Kampf Mikael Granlund Cam Fowler Jake McCabe
Goaltenders
Starting : Tristan Jarry
Backup : Igor Shesterkin
Extra Forwards
Normal : Mikael Granlund, Andre Burakovsky, Conor Garland - PP : Mikael Granlund, Nathan MacKinnon - PK : Mikael Granlund
Extra Defensemen
Normal : Dmitry Kulikov, Matt Benning, Mark Giordano - PP : Dmitry Kulikov - PK : Matt Benning, Mark Giordano
Penalty Shots
T.J. Oshie, Mikael Granlund, Mark Giordano, Nathan MacKinnon, Cole Caufield
% Time on Ice - Arizona Coyotes
Lines # - Real PCT - Wanted PCT - Time Play
Normal Forward
1 - 34% - 40% - 14:21
2 - 31% - 30% - 12:58
3 - 19% - 20% - 8:03
4 - 16% - 10% - 6:47
Normal Defense
1 - 43% - 38% - 18:11
2 - 30% - 30% - 12:43
3 - 24% - 22% - 10:14
4 - 2% - 10% - 1:01
PP Forward
1 - 59% - 60% - 2:57
2 - 41% - 40% - 2:02
PP Defense
1 - 55% - 60% - 2:45
2 - 45% - 40% - 2:14
PK Forward
1 - 68% - 60% - 8:09
2 - 32% - 40% - 3:45
PK Defense
1 - 59% - 60% - 7:02
2 - 41% - 40% - 4:52
PK3 Forward
1 - 0% - 60%
2 - 0% - 40%
PK3 Defense
1 - 0% - 60%
2 - 0% - 40%
44 Forward
1 - 0% - 60%
2 - 0% - 40%
44 Defense
1 - 0% - 60%
2 - 0% - 40%
Last Minute Offensive - 0:00
Last Minute Defensive - 0:58
Total
Forward - 60:00
Defense - 60:00
|
% Time on Ice - New York Rangers
Lines # - Real PCT - Wanted PCT - Time Play
Normal Forward
1 - 32% - 40% - 13:33
2 - 28% - 30% - 11:46
3 - 25% - 20% - 10:26
4 - 15% - 10% - 6:24
Normal Defense
1 - 45% - 44% - 19:10
2 - 34% - 33% - 14:20
3 - 21% - 23% - 8:39
4 - 0% - 0% - 0:00
PP Forward
1 - 55% - 60% - 6:34
2 - 45% - 40% - 5:20
PP Defense
1 - 55% - 60% - 6:33
2 - 45% - 40% - 5:21
PK Forward
1 - 61% - 60% - 3:03
2 - 39% - 40% - 1:56
PK Defense
1 - 58% - 60% - 2:53
2 - 42% - 40% - 2:06
PK3 Forward
1 - 0% - 60%
2 - 0% - 40%
PK3 Defense
1 - 0% - 60%
2 - 0% - 40%
44 Forward
1 - 0% - 60%
2 - 0% - 40%
44 Defense
1 - 0% - 60%
2 - 0% - 40%
Last Minute Offensive - 0:58
Last Minute Defensive - 0:00
Total
Forward - 60:00
Defense - 60:00
|
Play-by-Play
1st period
0:01 of 1st period - Claude Giroux wins face-off versus Nathan MacKinnon in neutral zone.
0:41 of 1st period - Major Penalty to Dmitry Kulikov for Boarding.
0:42 of 1st period - Claude Giroux wins face-off versus David Kampf in New York Rangers zone.
0:53 of 1st period - Snap shot by Claude Giroux.
0:53 of 1st period - Shot Misses the Net.
1:14 of 1st period - Adam Larsson is hit by Ondrej Palat and loses puck.
2:24 of 1st period - Wrist shot by David Krejci.
2:24 of 1st period - Shot Misses the Net.
2:34 of 1st period - David Krejci is hit by David Kampf and loses puck.
3:32 of 1st period - Matt Benning is hit by Mathew Dumba.
5:41 of 1st period - Penalty to Dmitry Kulikov is over, Dmitry Kulikov is back on ice.
6:19 of 1st period - Icing by Mathew Dumba.
6:20 of 1st period - Claude Giroux wins face-off versus T.J. Oshie in Arizona Coyotes zone.
6:54 of 1st period - Minor Penalty to Radko Gudas for Holding.
6:55 of 1st period - Patrice Bergeron wins face-off versus Claude Giroux in Arizona Coyotes zone.
7:28 of 1st period - Dmitry Orlov is hit by Mark Giordano and loses puck.
8:54 of 1st period - Penalty to Radko Gudas is over, Radko Gudas is back on ice.
9:00 of 1st period - Slapshot by T.J. Oshie.
9:00 of 1st period - Shot Misses the Net.
9:02 of 1st period - Slapshot by Dmitry Kulikov.
9:02 of 1st period - Goal by Dmitry Kulikov - Arizona Coyotes : 0 - New York Rangers : 1.
9:03 of 1st period - David Kampf wins face-off versus Claude Giroux in neutral zone.
9:10 of 1st period - Wrist shot by Conor Garland.
9:10 of 1st period - Stopped by Kaapo Kahkonen without a rebound.
9:11 of 1st period - Claude Giroux wins face-off versus David Kampf in Arizona Coyotes zone.
10:05 of 1st period - Slapshot by Cole Caufield.
10:05 of 1st period - Stopped by Kaapo Kahkonen with a rebound.
10:07 of 1st period - Slapshot by Jake McCabe.
10:07 of 1st period - Stopped by Kaapo Kahkonen with a rebound.
10:09 of 1st period - Slapshot by Jake McCabe.
10:09 of 1st period - Shot Misses the Net.
10:11 of 1st period - Snap shot by Conor Garland.
10:11 of 1st period - Stopped by Kaapo Kahkonen without a rebound.
10:12 of 1st period - David Krejci wins face-off versus Patrice Bergeron in Arizona Coyotes zone.
10:17 of 1st period - Wrist shot by Nathan MacKinnon.
10:17 of 1st period - Shot Blocked by Mathew Dumba.
10:25 of 1st period - Snap shot by Nathan MacKinnon.
10:25 of 1st period - Shot Misses the Net.
10:27 of 1st period - Snap shot by Nathan MacKinnon.
10:27 of 1st period - Stopped by Kaapo Kahkonen with a rebound.
10:29 of 1st period - Slapshot by Nathan MacKinnon.
10:29 of 1st period - Stopped by Kaapo Kahkonen with a rebound.
10:36 of 1st period - Icing by Jared Spurgeon.
10:37 of 1st period - Mikael Granlund wins face-off versus David Krejci in Arizona Coyotes zone.
10:38 of 1st period - Backhand shot by Blake Wheeler.
10:38 of 1st period - Stopped by Kaapo Kahkonen without a rebound.
10:39 of 1st period - Mikael Granlund wins face-off versus David Krejci in Arizona Coyotes zone.
11:11 of 1st period - Snap shot by Patrice Bergeron.
11:11 of 1st period - Stopped by Kaapo Kahkonen without a rebound.
11:12 of 1st period - Claude Giroux wins face-off versus Patrice Bergeron in Arizona Coyotes zone.
11:27 of 1st period - Radko Gudas is hit by Nathan MacKinnon and loses puck.
11:37 of 1st period - Icing by Mats Zuccarello.
11:38 of 1st period - Erik Haula wins face-off versus Mikael Granlund in Arizona Coyotes zone.
11:52 of 1st period - Minor Penalty to Erik Haula for Tripping.
11:53 of 1st period - Nathan MacKinnon wins face-off versus Claude Giroux in Arizona Coyotes zone.
11:54 of 1st period - Wrist shot by Patrice Bergeron.
11:54 of 1st period - Stopped by Kaapo Kahkonen without a rebound.
11:55 of 1st period - Patrice Bergeron wins face-off versus Claude Giroux in Arizona Coyotes zone.
12:06 of 1st period - Slapshot by Patrice Bergeron.
12:06 of 1st period - Shot Blocked by Dmitry Orlov.
13:28 of 1st period - Nathan MacKinnon is hit by Ilya Mikheyev.
13:52 of 1st period - Penalty to Erik Haula is over, Erik Haula is back on ice.
13:56 of 1st period - Snap shot by Tanner Jeannot.
13:56 of 1st period - Goal by Tanner Jeannot - Arizona Coyotes : 1 - New York Rangers : 1.
13:57 of 1st period - Mikael Granlund wins face-off versus Claude Giroux in neutral zone.
14:02 of 1st period - Claude Giroux is hit by Blake Wheeler and loses puck.
14:26 of 1st period - Off-side.
14:27 of 1st period - David Kampf wins face-off versus David Krejci in neutral zone.
14:49 of 1st period - Snap shot by Conor Garland.
14:49 of 1st period - Deflect By David Kampf.
14:49 of 1st period - Stopped by Kaapo Kahkonen with a rebound.
14:51 of 1st period - Slapshot by Jake McCabe.
14:51 of 1st period - Deflect By Cole Caufield.
14:51 of 1st period - Shot Misses the Net.
14:51 of 1st period - Puck is out of play.
14:52 of 1st period - Claude Giroux wins face-off versus Patrice Bergeron in Arizona Coyotes zone.
15:08 of 1st period - Off-side.
15:09 of 1st period - Erik Haula wins face-off versus Mikael Granlund in neutral zone.
15:56 of 1st period - Off-side.
15:57 of 1st period - David Kampf wins face-off versus David Krejci in neutral zone.
16:00 of 1st period - Wrist shot by Cole Caufield.
16:00 of 1st period - Shot Hit the Post.
16:22 of 1st period - Patrice Bergeron is hit by Dmitry Orlov and loses puck.
16:29 of 1st period - Ilya Mikheyev is hit by Nathan MacKinnon and loses puck.
16:46 of 1st period - Minor Penalty to Dmitry Orlov for Hooking.
16:47 of 1st period - Claude Giroux wins face-off versus Blake Wheeler in Arizona Coyotes zone.
17:13 of 1st period - Pierre-Luc Dubois is hit by Jared Spurgeon and loses puck.
18:46 of 1st period - Penalty to Dmitry Orlov is over, Dmitry Orlov is back on ice.
18:58 of 1st period - T.J. Oshie is hit by Erik Haula and loses puck.
19:19 of 1st period - Pierre-Luc Dubois is hit by Brandon Tanev.
19:51 of 1st period - Adam Larsson is hit by Mats Zuccarello and loses puck.
Goals for this period are 1 for Arizona Coyotes vs 1 for New York Rangers.
Shots for this period are 1 for Arizona Coyotes vs 11 for New York Rangers.
2nd period
0:01 of 2nd period - Patrice Bergeron wins face-off versus Mats Zuccarello in neutral zone.
0:23 of 2nd period - Icing by Patrice Bergeron.
0:24 of 2nd period - Patrice Bergeron wins face-off versus David Krejci in New York Rangers zone.
1:28 of 2nd period - Snap shot by Mikael Granlund.
1:28 of 2nd period - Stopped by Kaapo Kahkonen without a rebound.
1:29 of 2nd period - Claude Giroux wins face-off versus Pierre-Luc Dubois in Arizona Coyotes zone.
1:31 of 2nd period - Minor Penalty to Mathew Dumba for Interference.
1:32 of 2nd period - Patrice Bergeron wins face-off versus Claude Giroux in Arizona Coyotes zone.
1:40 of 2nd period - Snap shot by Patrice Bergeron.
1:40 of 2nd period - Stopped by Kaapo Kahkonen with a rebound.
1:42 of 2nd period - Slapshot by Mark Giordano.
1:42 of 2nd period - Shot Blocked by Dmitry Orlov.
1:44 of 2nd period - Snap shot by Patrice Bergeron.
1:44 of 2nd period - Shot Blocked by Mats Zuccarello.
1:46 of 2nd period - Slapshot by Conor Garland.
1:46 of 2nd period - Shot Misses the Net.
2:38 of 2nd period - Jani Hakanpaa is hit by Nathan MacKinnon and loses puck.
3:31 of 2nd period - Penalty to Mathew Dumba is over, Mathew Dumba is back on ice.
3:44 of 2nd period - Mikael Granlund is hit by Tanner Jeannot and loses puck.
3:49 of 2nd period - Wrist shot by Tanner Jeannot.
3:49 of 2nd period - Shot Blocked by Cam Fowler.
3:51 of 2nd period - Wrist shot by Mathew Dumba.
3:51 of 2nd period - Stopped by Tristan Jarry with a rebound.
3:53 of 2nd period - Snap shot by Tanner Jeannot.
3:53 of 2nd period - Shot Misses the Net.
4:03 of 2nd period - Mathew Dumba is hit by Mikael Granlund and loses puck.
5:51 of 2nd period - Nathan MacKinnon is hit by Charlie Coyle and loses puck.
6:15 of 2nd period - Jake McCabe is hit by Brandon Tanev and loses puck.
6:32 of 2nd period - Blake Wheeler is hit by James van Riemsdyk.
6:42 of 2nd period - Snap shot by Erik Haula.
6:42 of 2nd period - Shot Blocked by Jake McCabe.
6:52 of 2nd period - Cam Fowler is hit by Charlie Coyle and loses puck.
7:29 of 2nd period - Wrist shot by Brandon Tanev.
7:29 of 2nd period - Stopped by Tristan Jarry with a rebound.
8:53 of 2nd period - Andre Burakovsky is hit by Erik Haula and loses puck.
10:22 of 2nd period - Snap shot by Conor Garland.
10:22 of 2nd period - Deflect By Cole Caufield.
10:22 of 2nd period - Stopped by Kaapo Kahkonen with a rebound.
10:59 of 2nd period - Tyler Seguin is hit by Cole Caufield and loses puck.
11:14 of 2nd period - Wrist shot by Conor Garland.
11:14 of 2nd period - Stopped by Kaapo Kahkonen with a rebound.
12:05 of 2nd period - Slapshot by Cam Fowler.
12:05 of 2nd period - Shot Misses the Net.
12:07 of 2nd period - Slapshot by Conor Garland.
12:07 of 2nd period - Stopped by Kaapo Kahkonen with a rebound.
12:09 of 2nd period - Slapshot by Jake McCabe.
12:09 of 2nd period - Stopped by Kaapo Kahkonen without a rebound.
12:10 of 2nd period - Patrice Bergeron wins face-off versus Mats Zuccarello in Arizona Coyotes zone.
12:37 of 2nd period - Blake Wheeler is hit by Erik Haula.
12:43 of 2nd period - Slapshot by Blake Wheeler.
12:43 of 2nd period - Stopped by Kaapo Kahkonen with a rebound.
12:45 of 2nd period - Slapshot by Mikael Granlund.
12:45 of 2nd period - Shot Blocked by Mathew Dumba.
12:47 of 2nd period - Snap shot by Andre Burakovsky.
12:47 of 2nd period - Shot Blocked by James van Riemsdyk.
13:20 of 2nd period - Snap shot by Brandon Tanev.
13:20 of 2nd period - Stopped by Tristan Jarry without a rebound.
13:21 of 2nd period - Claude Giroux wins face-off versus Patrice Bergeron in New York Rangers zone.
13:24 of 2nd period - Wrist shot by Claude Giroux.
13:24 of 2nd period - Deflect By Charlie Coyle.
13:24 of 2nd period - Shot Blocked by Patrice Bergeron.
13:24 of 2nd period - Puck is out of play.
13:25 of 2nd period - Patrice Bergeron wins face-off versus Mats Zuccarello in New York Rangers zone.
13:25 of 2nd period - Patrice Bergeron is hit by Jani Hakanpaa.
13:37 of 2nd period - Wrist shot by Nathan MacKinnon.
13:37 of 2nd period - Stopped by Kaapo Kahkonen with a rebound.
13:59 of 2nd period - Wrist shot by Mats Zuccarello.
13:59 of 2nd period - Shot Misses the Net.
14:01 of 2nd period - Slapshot by Charlie Coyle.
14:01 of 2nd period - Shot Blocked by Adam Larsson.
14:03 of 2nd period - Snap shot by Charlie Coyle.
14:03 of 2nd period - Shot Misses the Net.
14:05 of 2nd period - Wrist shot by Jani Hakanpaa.
14:05 of 2nd period - Shot Blocked by Dmitry Kulikov.
14:15 of 2nd period - Snap shot by Mats Zuccarello.
14:15 of 2nd period - Shot Blocked by Dmitry Kulikov.
14:25 of 2nd period - Slapshot by Claude Giroux.
14:25 of 2nd period - Deflect By Mats Zuccarello.
14:25 of 2nd period - Shot Misses the Net.
14:25 of 2nd period - Puck is out of play.
14:26 of 2nd period - Mikael Granlund wins face-off versus James van Riemsdyk in New York Rangers zone.
14:26 of 2nd period - Mikael Granlund is hit by Mathew Dumba.
15:01 of 2nd period - Wrist shot by Jared Spurgeon.
15:01 of 2nd period - Stopped by Tristan Jarry without a rebound.
15:02 of 2nd period - David Krejci wins face-off versus Mikael Granlund in New York Rangers zone.
15:03 of 2nd period - Wrist shot by Ondrej Palat.
15:03 of 2nd period - Stopped by Tristan Jarry without a rebound.
15:04 of 2nd period - Mikael Granlund wins face-off versus David Krejci in New York Rangers zone.
15:51 of 2nd period - Erik Haula is hit by Jake McCabe and loses puck.
16:00 of 2nd period - Slapshot by T.J. Oshie.
16:00 of 2nd period - Shot Misses the Net.
16:02 of 2nd period - Snap shot by Cam Fowler.
16:02 of 2nd period - Stopped by Kaapo Kahkonen without a rebound.
16:03 of 2nd period - Nathan MacKinnon wins face-off versus Claude Giroux in Arizona Coyotes zone.
16:34 of 2nd period - Icing by Adam Larsson.
16:35 of 2nd period - David Krejci wins face-off versus Mikael Granlund in New York Rangers zone.
16:38 of 2nd period - Snap shot by David Krejci.
16:38 of 2nd period - Deflect By Dmitry Kulikov.
16:38 of 2nd period - Stopped by Tristan Jarry with a rebound.
17:20 of 2nd period - Wrist shot by Ondrej Palat.
17:20 of 2nd period - Shot Misses the Net.
17:28 of 2nd period - Mikael Granlund is hit by Radko Gudas and loses puck.
17:34 of 2nd period - Off-side.
17:35 of 2nd period - Patrice Bergeron wins face-off versus Charlie Coyle in neutral zone.
17:53 of 2nd period - Icing by Brayden McNabb.
17:54 of 2nd period - David Kampf wins face-off versus Claude Giroux in Arizona Coyotes zone.
18:05 of 2nd period - Wrist shot by Claude Giroux.
18:05 of 2nd period - Stopped by Tristan Jarry without a rebound.
18:06 of 2nd period - Patrice Bergeron wins face-off versus James van Riemsdyk in New York Rangers zone.
18:35 of 2nd period - Jake McCabe is hit by Jani Hakanpaa and loses puck.
18:40 of 2nd period - Snap shot by Ondrej Palat.
18:40 of 2nd period - Stopped by Tristan Jarry without a rebound.
18:41 of 2nd period - Patrice Bergeron wins face-off versus Claude Giroux in New York Rangers zone.
18:50 of 2nd period - Wrist shot by Mats Zuccarello.
18:50 of 2nd period - Deflect By Charlie Coyle.
18:50 of 2nd period - Stopped by Tristan Jarry with a rebound.
19:06 of 2nd period - Andre Burakovsky is hit by Brayden McNabb and loses puck.
Goals for this period are 0 for Arizona Coyotes vs 0 for New York Rangers.
Shots for this period are 9 for Arizona Coyotes vs 9 for New York Rangers.
3rd period
0:01 of 3rd period - Claude Giroux wins face-off versus Patrice Bergeron in neutral zone.
0:30 of 3rd period - Wrist shot by Ilya Mikheyev.
0:30 of 3rd period - Stopped by Tristan Jarry without a rebound.
0:31 of 3rd period - Mikael Granlund wins face-off versus Erik Haula in New York Rangers zone.
0:31 of 3rd period - Mikael Granlund is hit by Radko Gudas.
0:57 of 3rd period - Jani Hakanpaa is hit by Pierre-Luc Dubois and loses puck.
1:18 of 3rd period - Slapshot by David Krejci.
1:18 of 3rd period - Stopped by Tristan Jarry with a rebound.
1:20 of 3rd period - Wrist shot by David Krejci.
1:20 of 3rd period - Shot Misses the Net.
1:54 of 3rd period - Icing by Jani Hakanpaa.
1:55 of 3rd period - Mikael Granlund wins face-off versus Brandon Tanev in Arizona Coyotes zone.
2:26 of 3rd period - Slapshot by Mats Zuccarello.
2:26 of 3rd period - Shot Misses the Net.
2:28 of 3rd period - Snap shot by Claude Giroux.
2:28 of 3rd period - Stopped by Tristan Jarry without a rebound.
2:29 of 3rd period - Mikael Granlund wins face-off versus Claude Giroux in New York Rangers zone.
3:08 of 3rd period - Wrist shot by Blake Wheeler.
3:08 of 3rd period - Stopped by Kaapo Kahkonen without a rebound.
3:09 of 3rd period - Patrice Bergeron wins face-off versus David Krejci in Arizona Coyotes zone.
3:14 of 3rd period - Slapshot by Nathan MacKinnon.
3:14 of 3rd period - Stopped by Kaapo Kahkonen without a rebound.
3:15 of 3rd period - Patrice Bergeron wins face-off versus David Krejci in Arizona Coyotes zone.
4:16 of 3rd period - Wrist shot by Claude Giroux.
4:16 of 3rd period - Shot Misses the Net.
4:30 of 3rd period - Wrist shot by Patrice Bergeron.
4:30 of 3rd period - Shot Misses the Net.
4:32 of 3rd period - Minor Penalty to Mathew Dumba for Tripping.
4:33 of 3rd period - Patrice Bergeron wins face-off versus Claude Giroux in Arizona Coyotes zone.
5:41 of 3rd period - Off-side.
5:42 of 3rd period - Patrice Bergeron wins face-off versus Tanner Jeannot in neutral zone.
6:32 of 3rd period - Penalty to Mathew Dumba is over, Mathew Dumba is back on ice.
6:56 of 3rd period - David Krejci is hit by Mikael Granlund and loses puck.
7:15 of 3rd period - Eric Robinson is hit by Brandon Tanev and loses puck.
7:20 of 3rd period - Snap shot by Ross Colton.
7:20 of 3rd period - Stopped by Tristan Jarry with a rebound.
7:22 of 3rd period - Slapshot by Brandon Tanev.
7:22 of 3rd period - Shot Blocked by Cam Fowler.
7:24 of 3rd period - Slapshot by Tanner Jeannot.
7:24 of 3rd period - Shot Misses the Net.
7:42 of 3rd period - Snap shot by Erik Haula.
7:42 of 3rd period - Shot Blocked by Jake McCabe.
8:22 of 3rd period - Snap shot by David Krejci.
8:22 of 3rd period - Shot Blocked by Nathan MacKinnon.
9:07 of 3rd period - Snap shot by Charlie Coyle.
9:07 of 3rd period - Stopped by Tristan Jarry without a rebound.
9:08 of 3rd period - Patrice Bergeron wins face-off versus Claude Giroux in New York Rangers zone.
9:21 of 3rd period - Wrist shot by Mats Zuccarello.
9:21 of 3rd period - Shot Misses the Net.
9:23 of 3rd period - Snap shot by Mats Zuccarello.
9:23 of 3rd period - Shot Misses the Net.
9:25 of 3rd period - Slapshot by Brayden McNabb.
9:25 of 3rd period - Shot Misses the Net.
9:49 of 3rd period - Backhand shot by Eric Robinson.
9:49 of 3rd period - Shot Misses the Net.
9:51 of 3rd period - Slapshot by Mark Giordano.
9:51 of 3rd period - Deflect By T.J. Oshie.
9:51 of 3rd period - Stopped by Kaapo Kahkonen with a rebound.
9:53 of 3rd period - Snap shot by Mark Giordano.
9:53 of 3rd period - Shot Blocked by Ondrej Palat.
10:16 of 3rd period - Snap shot by Nathan MacKinnon.
10:16 of 3rd period - Shot Misses the Net.
10:18 of 3rd period - Backhand shot by Mark Giordano.
10:18 of 3rd period - Stopped by Kaapo Kahkonen with a rebound.
10:20 of 3rd period - Snap shot by Matt Benning.
10:20 of 3rd period - Shot Blocked by Jani Hakanpaa.
10:42 of 3rd period - Snap shot by Tanner Jeannot.
10:42 of 3rd period - Stopped by Tristan Jarry without a rebound.
10:43 of 3rd period - Pierre-Luc Dubois wins face-off versus Claude Giroux in New York Rangers zone.
10:50 of 3rd period - Wrist shot by Nathan MacKinnon.
10:50 of 3rd period - Deflect By Patrice Bergeron.
10:50 of 3rd period - Stopped by Kaapo Kahkonen without a rebound.
10:51 of 3rd period - Claude Giroux wins face-off versus Patrice Bergeron in Arizona Coyotes zone.
10:51 of 3rd period - Claude Giroux is hit by Cam Fowler.
11:00 of 3rd period - Icing by Nathan MacKinnon.
11:01 of 3rd period - Claude Giroux wins face-off versus Patrice Bergeron in New York Rangers zone.
11:02 of 3rd period - Slapshot by Mats Zuccarello.
11:02 of 3rd period - Stopped by Tristan Jarry without a rebound.
11:03 of 3rd period - Patrice Bergeron wins face-off versus Claude Giroux in New York Rangers zone.
11:49 of 3rd period - Slapshot by Cam Fowler.
11:49 of 3rd period - Deflect By Ilya Mikheyev.
11:49 of 3rd period - Stopped by Kaapo Kahkonen with a rebound.
11:51 of 3rd period - Snap shot by Conor Garland.
11:51 of 3rd period - Shot Blocked by Jared Spurgeon.
11:53 of 3rd period - Wrist shot by Conor Garland.
11:53 of 3rd period - Goal by Conor Garland - Arizona Coyotes : 1 - New York Rangers : 2.
11:54 of 3rd period - Patrice Bergeron wins face-off versus Claude Giroux in neutral zone.
12:45 of 3rd period - Slapshot by Erik Haula.
12:45 of 3rd period - Shot Misses the Net.
12:47 of 3rd period - Slapshot by Dmitry Orlov.
12:47 of 3rd period - Stopped by Tristan Jarry with a rebound.
12:49 of 3rd period - Snap shot by Ilya Mikheyev.
12:49 of 3rd period - Shot Misses the Net.
12:51 of 3rd period - Wrist shot by Ilya Mikheyev.
12:51 of 3rd period - Shot Misses the Net.
12:53 of 3rd period - Slapshot by Dmitry Orlov.
12:53 of 3rd period - Stopped by Tristan Jarry with a rebound.
12:55 of 3rd period - Slapshot by Brayden McNabb.
12:55 of 3rd period - Stopped by Tristan Jarry with a rebound.
13:36 of 3rd period - Wrist shot by Nathan MacKinnon.
13:36 of 3rd period - Shot Blocked by Mathew Dumba.
13:48 of 3rd period - Radko Gudas is hit by Andre Burakovsky.
14:13 of 3rd period - David Kampf is hit by James van Riemsdyk and loses puck.
14:18 of 3rd period - Backhand shot by Ilya Mikheyev.
14:18 of 3rd period - Shot Misses the Net.
14:30 of 3rd period - Dmitry Kulikov is hit by Tanner Jeannot.
14:54 of 3rd period - Charlie Coyle is hit by Pierre-Luc Dubois.
14:58 of 3rd period - Cam Fowler is hit by Mats Zuccarello and loses puck.
15:19 of 3rd period - Wrist shot by Blake Wheeler.
15:19 of 3rd period - Deflect By Andre Burakovsky.
15:19 of 3rd period - Shot Misses the Net.
15:19 of 3rd period - Puck is out of play.
15:20 of 3rd period - Erik Haula wins face-off versus Andre Burakovsky in Arizona Coyotes zone.
15:22 of 3rd period - Minor Penalty to Dmitry Orlov for Hooking.
15:23 of 3rd period - Claude Giroux wins face-off versus Patrice Bergeron in Arizona Coyotes zone.
15:23 of 3rd period - Claude Giroux is hit by Mikael Granlund.
15:38 of 3rd period - Slapshot by Pierre-Luc Dubois.
15:38 of 3rd period - Stopped by Kaapo Kahkonen with a rebound.
15:56 of 3rd period - Jani Hakanpaa is hit by Cam Fowler and loses puck.
16:31 of 3rd period - Claude Giroux is hit by Conor Garland and loses puck.
16:50 of 3rd period - Nathan MacKinnon is hit by Ilya Mikheyev and loses puck.
17:04 of 3rd period - Icing by Cam Fowler.
17:05 of 3rd period - Charlie Coyle wins face-off versus Blake Wheeler in New York Rangers zone.
17:06 of 3rd period - Wrist shot by David Krejci.
17:06 of 3rd period - Deflect By Charlie Coyle.
17:06 of 3rd period - Stopped by Tristan Jarry without a rebound.
17:07 of 3rd period - Charlie Coyle wins face-off versus Blake Wheeler in New York Rangers zone.
17:08 of 3rd period - Wrist shot by David Krejci.
17:08 of 3rd period - Shot Misses the Net.
17:10 of 3rd period - Slapshot by Charlie Coyle.
17:10 of 3rd period - Shot Misses the Net.
17:12 of 3rd period - Wrist shot by David Krejci.
17:12 of 3rd period - Stopped by Tristan Jarry without a rebound.
17:13 of 3rd period - Patrice Bergeron wins face-off versus Claude Giroux in New York Rangers zone.
17:22 of 3rd period - Penalty to Dmitry Orlov is over, Dmitry Orlov is back on ice.
17:28 of 3rd period - Wrist shot by Patrice Bergeron.
17:28 of 3rd period - Shot Misses the Net.
17:36 of 3rd period - Wrist shot by Mats Zuccarello.
17:36 of 3rd period - Goal by Mats Zuccarello - Arizona Coyotes : 2 - New York Rangers : 2.
17:37 of 3rd period - Erik Haula wins face-off versus David Kampf in neutral zone.
17:42 of 3rd period - Jake McCabe is hit by Dmitry Orlov and loses puck.
17:53 of 3rd period - Wrist shot by Cole Caufield.
17:53 of 3rd period - Stopped by Kaapo Kahkonen with a rebound.
18:00 of 3rd period - Icing by Erik Haula.
18:01 of 3rd period - Claude Giroux wins face-off versus Patrice Bergeron in Arizona Coyotes zone.
18:01 of 3rd period - Claude Giroux is hit by Pierre-Luc Dubois.
18:47 of 3rd period - Snap shot by Claude Giroux.
18:47 of 3rd period - Shot Blocked by Jake McCabe.
18:57 of 3rd period - Snap shot by Mats Zuccarello.
18:57 of 3rd period - Shot Blocked by Cam Fowler.
18:59 of 3rd period - Slapshot by Mats Zuccarello.
18:59 of 3rd period - Stopped by Tristan Jarry with a rebound.
19:01 of 3rd period - Wrist shot by Mats Zuccarello.
19:01 of 3rd period - Goal by Mats Zuccarello - Arizona Coyotes : 3 - New York Rangers : 2.
19:02 of 3rd period - Patrice Bergeron wins face-off versus Claude Giroux in neutral zone.
19:05 of 3rd period - New York Rangers, Tristan Jarry is pulled from the net.
19:09 of 3rd period - Snap shot by Patrice Bergeron.
19:09 of 3rd period - Deflect By Nathan MacKinnon.
19:09 of 3rd period - Stopped by Kaapo Kahkonen without a rebound.
19:10 of 3rd period - Bill Peters call a timeout for New York Rangers.
19:10 of 3rd period - Patrice Bergeron wins face-off versus Claude Giroux in Arizona Coyotes zone.
19:43 of 3rd period - Snap shot by Patrice Bergeron.
19:43 of 3rd period - Stopped by Kaapo Kahkonen without a rebound.
19:44 of 3rd period - Patrice Bergeron wins face-off versus Claude Giroux in Arizona Coyotes zone.
19:51 of 3rd period - Slapshot by Nathan MacKinnon.
19:51 of 3rd period - Stopped by Kaapo Kahkonen with a rebound.
19:53 of 3rd period - Snap shot by Mark Giordano.
19:53 of 3rd period - Shot Blocked by Brayden McNabb.
19:55 of 3rd period - Slapshot by Blake Wheeler.
19:55 of 3rd period - Stopped by Kaapo Kahkonen without a rebound.
19:56 of 3rd period - Patrice Bergeron wins face-off versus Claude Giroux in Arizona Coyotes zone.
Goals for this period are 2 for Arizona Coyotes vs 1 for New York Rangers.
Shots for this period are 15 for Arizona Coyotes vs 13 for New York Rangers.
Back to the Top